 Dungeon Crawl Stone Soup version 0.20-a0-16-g0876c8e (webtiles) character file.

172 KrixSyzygy the Conjurer (level 5, -2/28 HPs)
             Began as a Deep Elf Conjurer on Nov 4, 2016.
             Killed from afar by Natasha (7 damage)
             ... with a magic dart
             ... on level 3 of the Dungeon.
             The game lasted 00:47:13 (3176 turns).

KrixSyzygy the Conjurer (Deep Elf Conjurer)         Turns: 3176, Time: 00:47:14

Health: -2/28      AC:  2    Str:  6    XL:     5   Next: 27%
Magic:  6/11       EV: 13    Int: 20    God:
Gold:   56         SH:  0    Dex: 15    Spells: 3 memorised, 3 levels left

rFire  . . .     SeeInvis .     f - +0 dagger
rCold  . . .     Gourm    .     a - +0 robe
rNeg   . . .     Faith    .     (no shield)
rPois  .         Spirit   .     (no helmet)
rElec  .         Reflect  .     (no cloak)
rCorr  .         Harm     .     (no gloves)
MR     .....                    (no boots)
Stlth  ++........               (no amulet)
                                (no ring)
                                (no ring)

@: no status effects
A: no striking features
a: no special abilities


You were on level 3 of the Dungeon.
You were not hungry.

You visited 1 branch of the dungeon, and saw 3 of its levels.

You collected 56 gold pieces.

Inventory:

Hand Weapons
 f - a +0 dagger (weapon)
Missiles
 h - 60 stones
 i - 2 tomahawks (quivered)
 k - 13 arrows
Armour
 a - a +0 robe (worn)
 l - a +0 scale mail
 r - a +0 robe
Scrolls
 c - a scroll of recharging {unknown}
 d - a scroll of random uselessness {unknown}
 e - 4 scrolls of remove curse {unknown}
 j - a scroll of teleportation {unknown}
 n - a scroll of blinking {unknown}
 o - 2 scrolls of fog {unknown}
 s - 2 scrolls of noise {unknown}
 t - a scroll of enchant weapon {unknown}
Potions
 p - a potion of mutation {unknown}
Books
 b - a book of Conjurations

   Spells                             Type                      Level
   a - Magic Dart                     Conjuration                  1
   b - Searing Ray                    Conjuration                  2
   c - Dazzling Spray                 Conjuration/Hexes            3
   d - Fulminant Prism                Conjuration/Hexes            4
   e - Iskenderun's Mystic Blast      Conjuration                  4
   f - Iskenderun's Battlesphere      Conjuration/Charms           5
Comestibles
 m - 2 fruits
 q - a slice of pizza
 u - a royal jelly


   Skills:
 - Level 0.2 Fighting
 - Level 2.4 Dodging
 - Level 2.4 Stealth
 - Level 3.0 Spellcasting
 + Level 7.2 Conjurations


You had 3 spell levels left.
You knew the following spells:

 Your Spells              Type           Power        Failure   Level  Hunger
a - Magic Dart            Conj           ####         1%          1    None
b - Searing Ray           Conj           ####..       1%          2    ##.....
c - Iskenderun's Mystic   Conj           ####....     10%         4    ####...


Dungeon Overview and Level Annotations

Branches:
Dungeon (3/15)

Altars:
Cheibriados

Annotations:
D:3 Natasha


Message History

The gnoll is severely wounded.
The gnoll closely misses you. The gnoll hits you with a flail!
Casting: Magic Dart
Confirm with . or Enter, or press ? or * to list all spells.
Aiming: Magic Dart
Press: ? - help, Shift-Dir - straight line, f/p - gnoll
Aim: a gnoll, wielding a flail (severely wounded)
The magic dart hits the gnoll.
You kill the gnoll!
You feel yourself speed up.
You start resting.
Natasha, Servant of Life and Death comes into view.
Natasha hisses angrily.
Natasha drinks a potion.
Natasha seems to speed up.
Natasha stares at you and mumbles some strange words.
The magic dart hits you!
* * * LOW HITPOINT WARNING * * *
Natasha casts a spell at you. The magic dart hits you!
You die...

...........###.........# .##
...........###.#.....### ...
...........).......†.# .. .
.##........h.........###.#....
######........................
#.....##...............##
#######.................#
#.................#
#....@............###
#...................#.
#...............###.#>
##....................
####.................##
#.........##......<...#
#..........#...<......#
#........#............#
#........##............


You could see Natasha.

Vanquished Creatures
  Natasha (D:3)
  4 adders
  A gnoll (D:3)
  4 oozes
  3 worms (D:2)
  3 dart slugs
  A leopard gecko (D:3)
  3 orcs (D:2)
  2 ball pythons
  9 bats
  3 giant cockroaches
  5 goblins
  7 hobgoblins
  5 jackals
  5 frilled lizards
  9 kobolds
  4 rats (D:2)
69 creatures vanquished.

Notes
Turn   | Place    | Note
-------+----------+-------------------------------------------
     0 | D:1      | KrixSyzygy the Deep Elf Conjurer began the quest for the Orb.
     0 | D:1      | Reached XP level 1. HP: 10/10 MP: 6/6
   372 | D:1      | Reached XP level 2. HP: 15/15 MP: 5/8
   458 | D:1      | Learned a level 2 spell: Searing Ray
   489 | D:1      | Reached skill level 5 in Conjurations
  1088 | D:2      | Reached XP level 3. HP: 19/19 MP: 5/9
  1672 | D:2      | Reached skill level 6 in Conjurations
  2010 | D:2      | Reached XP level 4. HP: 23/24 MP: 5/10
  2290 | D:3      | Noticed Natasha
  2831 | D:2      | Learned a level 4 spell: Iskenderun's Mystic Blast
  2988 | D:3      | Killed Natasha
  2988 | D:3      | Reached skill level 7 in Conjurations
  2988 | D:3      | Reached XP level 5. HP: 25/28 MP: 3/11
  3121 | D:3      | Found a snail-covered altar of Cheibriados.
  3172 | D:3      | Noticed Natasha
  3176 | D:3      | Killed from afar by Natasha

Vault maps used:
D:1:      wheals_arrival_shading, corexii_item_surrounded_by_moat,
          minmay_cut_off
D:2:      nicolae_ru_path_of_blood
D:3:      cheibriados_altar_wand_db, uniq_natasha

Skill      XL: |  1  2  3  4 |
---------------+-------------+-----
Conjurations   | 5 6 7 |  7.2
Fighting       | |  0.2
Dodging        | |  2.4
Stealth        | |  2.4
Spellcasting   | |  3.0

Action                   |  1- 3 |  4- 6 || total
-------------------------+-------+-------++-------
 Cast: Magic Dart        |    87 |    61 ||   148
       Searing Ray       |     7 |     1 ||     8
       Iskenderun's Myst |       |     3 ||     3
  Use: Potion            |       |     1 ||     1
  Eat: Chunk             |     3 |     1 ||     4
       Fruit             |     1 |       ||     1
       Bread ration      |       |     1 ||     1
Armor: Robe              |     3 |     1 ||     4
Dodge: Dodged            |    10 |    20 ||    30
